 Dungeon Crawl Stone Soup version 0.18-a0-455-gc7d4c65 (webtiles) character file.

664 UristPineapples the Archer (level 7, 0/52 HPs)
             Began as a Centaur Arcane Marksman on Dec 1, 2015.
             Slain by a killer bee (1 damage)
             ... on level 5 of the Dungeon.
             The game lasted 00:33:20 (6289 turns).

UristPineapples the Archer (CeAM)                   Turns: 6289, Time: 00:33:20

Health: 0/52       AC:  6    Str: 13    XL:     7   Next: 31%
Magic:  17/17      EV:  9    Int: 12    God:    Xom [..*...]
Gold:   271        SH:  0    Dex: 11    Spells: 3 memorised, 1 level left

rFire  . . .     SeeInvis .     a - +1 shortbow
rCold  . . .     Clarity  .     p - +0 ring mail
rNeg   . . .     SustAt   .     (shield currently unavailable)
rPois  .         Gourm    .     (no helmet)
rElec  .         Spirit   .     v - +0 cloak
rCorr  .         Dsmss    .     (no gloves)
rMut   .         Stasis   .     (no barding)
MR     .....                    (no amulet)
Stlth  ..........               (no ring)
                                t - ring of magical power

@: about to teleport, very quick, not resistant to hostile enchantments,
extremely unstealthy
A: hooves 3, deformed body, speed 2, tough skin 3
a: Renounce Religion


You were on level 5 of the Dungeon.
You worshipped Xom.
You were a toy of Xom.
You were not hungry.

You visited 2 branches of the dungeon, and saw 6 of its levels.

You collected 271 gold pieces.

Inventory:

Hand Weapons
 a - a +1 shortbow (weapon)
 h - a +0 spear
Missiles
 d - 4 arrows (quivered)
 r - 15 poisoned needles
Armour
 b - a +1 robe
 p - a +0 ring mail (worn)
 v - a +0 cloak (worn)
Jewellery
 t - a ring of magical power (left hand)
Wands
 u - a wand of confusion (40)
Scrolls
 f - 3 scrolls of remove curse
 g - 2 scrolls of recharging
 j - 2 scrolls of magic mapping
 k - 2 scrolls of amnesia {unknown}
 m - 6 scrolls of identify
 x - a scroll of blinking {unknown}
 y - 2 scrolls of fear {unknown}
Potions
 l - a potion of flight {unknown}
 o - a potion of curing
 q - a potion of heal wounds {unknown}
Books
 c - a book of Debilitation

   Spells                             Type                      Level
   a - Corona                         Hexes                        1
   b - Slow                           Hexes                        2
   c - Gell's Gravitas                Hexes/Translocation          3
   d - Inner Flame                    Hexes/Fire                   3
   e - Cause Fear                     Hexes                        4
   f - Leda's Liquefaction            Hexes/Earth                  4
 n - a book of Spatial Translocations

   Spells                             Type                      Level
   a - Apportation                    Translocation                1
   b - Blink                          Translocation                2
   c - Shroud of Golubria             Charms/Translocation         2
   d - Portal Projectile              Translocation                3
   e - Teleport Other                 Translocation                3
   f - Passage of Golubria            Translocation                4
Comestibles
 e - 2 bread rations
 i - 3 meat rations
 w - 2 fruits
 z - a beef jerky


   Skills:
 - Level 1.0 Fighting
 * Level 9.1 Bows
 - Level 1.9 Throwing
 + Level 3.2 Dodging
 - Level 1.0 Spellcasting
 - Level 2.6 Hexes


You had one spell level left.
You knew the following spells:

 Your Spells              Type           Power        Failure   Level  Hunger
a - Corona                Hex            #......      28%         1    ##.....
b - Blink                 Tloc           N/A          91%         2    ###....
c - Leda's Liquefaction   Hex/Erth       #.........   100%        4    #####..


Dungeon Overview and Level Annotations

Branches:
Dungeon (5/15)             Temple (1/1) D:5

Altars:
Cheibriados
Dithmenos
Elyvilon
Fedhas
Gozag
Kikubaaqudgha
Makhleb
Nemelex Xobeh
Okawaru
Qazlal
Ru
Sif Muna
Trog
Vehumet
Xom
Zin

Shops:
D:4 (

Annotations:
D:2 Sigmund
D:4 1 runed door


Innate Abilities, Weirdness & Mutations

You have hooves in place of feet.
Armour fits poorly on your strangely shaped body.
You cover ground very quickly.
You have extremely tough skin (AC +3).


Message History

The killer bee stings you but does no damage.
The killer bee closely misses you.
Drink which item? (? for menu, Esc to quit)
You feel better. The killer bee stings you.
* * * LOW HITPOINT WARNING * * *
The killer bee stings you but does no damage.
The killer bee stings you!
* * * LOW HITPOINT WARNING * * *
The killer bee stings you but does no damage.
Firing (i - inventory):
d - 4 arrows (quivered)
Press: ? - help, Shift-Dir - straight line, f/p - killer bee
Aim: a killer bee (heavily wounded)
Okay, then.
Drink which item? (? for menu, Esc to quit)
Okay, then.
Read which item? (? for menu, Esc to quit)
As you read the scroll labeled TARINW YSTEEWN, it crumbles to dust.
You feel strangely unstable.
It was a scroll of teleportation.
The killer bee stings you.
You die...

#.##...##
#..###....### ##
#......### ####.
##..##..## #....##
#........## .. #.<#
..####....####.#
##.# ###...)...#
#y# ..#....#####
#.# #......@y#.##
#.#
#........#y...###.#
..#####...<.....#[#
. #..$..(..%#†#
#####..(.##.#
#...#(##>#
#.###.(#.#
#...⌠..(.####
#...........#


You could see 2 killer bees.

Vanquished Creatures
  2 phantoms (D:4)
  An ogre (D:4)
  The ghost of skk the Skirmisher, an amateur DsFi (D:3)
  A killer bee (D:4)
  The ghost of M4edhros the Charlatan, a weakling OpAr (D:4)
  2 orc wizards
  A worker ant (D:4)
  A hound skeleton (D:4)
  3 adders
  A shadow imp (D:5)
  2 oozes
  2 worms
  7 giant geckos
  8 orcs
  7 bats
  5 giant cockroaches
  11 goblins
  9 hobgoblins
  12 kobolds
  4 quokkas
  A ball python (D:3)
  2 giant gecko skeletons (D:4)
  2 giant newts (D:1)
  4 jackals (D:3)
  6 rats
  2 plants (D:1)
98 creatures vanquished.

Notes
Turn   | Place    | Note
--------------------------------------------------------------
     0 | D:1      | UristPineapples the Centaur Arcane Marksman began the quest for the Orb.
     0 | D:1      | Reached XP level 1. HP: 16/16 MP: 2/2
    68 | D:1      | Reached skill level 3 in Bows
   176 | D:1      | Reached skill level 1 in Throwing
   176 | D:1      | Reached XP level 2. HP: 17/23 MP: 3/3
   526 | D:1      | Reached skill level 4 in Bows
  1163 | D:1      | Reached XP level 3. HP: 28/28 MP: 4/4
  2604 | D:2      | Noticed Sigmund
  2975 | D:3      | Reached skill level 5 in Bows
  3120 | D:3      | Reached XP level 4. HP: 35/35 MP: 5/5
  3137 | D:3      | Noticed skk's ghost (amateur DsFi)
  3389 | D:3      | Found a blossoming altar of Fedhas.
  3870 | D:3      | Reached skill level 6 in Bows
  3870 | D:3      | Reached XP level 5. HP: 40/40 MP: 6/6
  3926 | D:3      | Found an iron altar of Okawaru.
  3930 | D:3      | Learned a level 2 spell: Blink
  4515 | D:3      | Killed skk's ghost
  4628 | D:3      | Found a blossoming altar of Fedhas.
  4638 | D:3      | Found a shadowy altar of Dithmenos.
  4642 | D:3      | Found a burning altar of Makhleb.
  4719 | D:4      | Found a white marble altar of Elyvilon.
  4720 | D:4      | Found a runed door.
  4720 | D:4      | Noticed an angel
  4728 | D:4      | Noticed an ogre
  4788 | D:4      | Killed an ogre
  4788 | D:4      | Reached skill level 7 in Bows
  4788 | D:4      | Reached XP level 6. HP: 42/47 MP: 5/7
  4842 | D:4      | Found Lualunt's Weapon Emporium.
  4928 | D:4      | Reached skill level 8 in Bows
  5169 | D:4      | Noticed M4edhros's ghost (weakling OpAr)
  5192 | D:4      | Killed M4edhros's ghost
  5281 | D:4      | Reached XP level 7. HP: 52/52 MP: 8/8
  5959 | D:5      | Entered Level 5 of the Dungeon
  5984 | D:5      | Found a staircase to the Ecumenical Temple.
  6049 | Temple   | Entered the Ecumenical Temple
  6055 | Temple   | Learned a level 4 spell: Leda's Liquefaction
  6058 | Temple   | Became a worshipper of Xom of Bone-Dry Humour
  6125 | D:4      | XOM: smoke on damage
  6127 | D:4      | Reached skill level 9 in Bows
  6287 | D:5      | HP: 2/52 [killer bee (7)]
  6289 | D:5      | Slain by a killer bee

Vault maps used:
D:1:      eino_arrival_druids_welcome
D:2:      uniq_robin, uniq_sigmund
D:3:      marbit_many_paths, minmay_overflow_temple_star_quad, fedhas_altar_3
D:4:      serial_shops, shop_fountains, lemuel_angel_altar
D:5:      temple_fountains, first_bread
Temple:   minmay_freezing_vapour_temple_12

Action                   |  1- 3 |  4- 6 |  7- 9 || total
-------------------------+-------+-------+-------++-------
Melee: Unarmed           |   267 |    24 |       ||   291
       Spear             |    44 |    76 |    13 ||   133
       Shortbow          |       |     8 |     1 ||     9
 Fire: Shortbow          |   126 |   150 |    73 ||   349
 Cast: Corona            |       |    17 |       ||    17
Evoke: Wand              |       |     2 |       ||     2
  Use: Potion            |     1 |     4 |     1 ||     6
       Scroll            |       |     6 |     3 ||     9
  Eat: Bread ration      |     1 |       |       ||     1
       Chunk             |       |     7 |     2 ||     9
       Fruit             |       |     1 |       ||     1
